AoeStats
← Dragon

Arena

507888302Analyzed
3v3 RM · 13d ago on Sep 20, 2026· 41m 16s· 6 players
Game mode
Random Map
Map size
Normal (6 player)
Population
200
Speed
Normal
Resources
Standard
Victory
Conquest
Starting age
Dark Age
Ending age
Imperial Age
RankedLock teamsTeams togetherTeam positionsShared explorationLock speedFull tech treeHidden civsTurbo modeCheats
Victory
Defeat
🇩🇪 Hindustanis · Germany
1326
+17
🇩🇪 Portuguese · Germany
1313
+18
🇩🇪 Malians · Germany
1312
+18
🇨🇦 Mongols · Canada
1385
-19
🇺🇸 Byzantines · United States
1345
-17
🇦🇺 Poles · Australia
1331
-17
HUNGRY-4-FOOD
9:49 Feudal Age
13:59 Castle Age
14:30 Double-Bit Axe
21:33 Wheelbarrow
22:12 Gold Mining
22:14 Stone Mining
23:00 Fletching
24:12 Gold Shaft Mining
23:40 Loom
24:17 Bodkin Arrow
23:44 Crossbowman
31:20 Imperial Age
28:44 Pikeman
30:13 Padded Archer Armor
30:42 Ballistics
31:35 Stone Shaft Mining
31:28 Arbalester
32:14 Bracer
33:27 Thumb Ring
33:40 Leather Archer Armor
33:50 Block Printing
33:56 Sanctity
34:03 Conscription
34:01 Treadmill Crane
35:37 Ballistics
36:28 Chemistry
37:05 Scale Mail Armor
37:15 Forging
39:12 Redemption
不一样的烟火
10:35 Feudal Age
14:06 Castle Age
12:59 Stone Mining
14:45 Double-Bit Axe
16:46 Fletching
20:02 Gold Mining
22:32 Bodkin Arrow
28:43 Wheelbarrow
28:51 Horse Collar
35:06 Imperial Age
33:20 Hand Cart
33:41 Padded Archer Armor
33:30 Town Watch
33:31 Loom
35:19 Bow Saw
36:07 Bracer
36:23 Leather Archer Armor
37:10 Chemistry
36:41 Ballistics
36:43 Conscription
37:55 Elite Skirmisher
OB
9:55 Feudal Age
10:30 Horse Collar
10:39 Double-Bit Axe
15:02 Wheelbarrow
17:46 Castle Age
16:22 Gold Mining
17:05 Scale Barding Armor
18:40 Heavy Plow
18:52 Bow Saw
20:04 Szlachta Privileges
20:12 Forging
20:28 Loom
22:39 Bloodlines
23:45 Iron Casting
30:19 Stone Mining
31:23 Hand Cart
34:32 Imperial Age
32:44 Stone Shaft Mining
34:08 Pikeman
34:51 Scale Mail Armor
34:43 Fletching
36:44 Chain Mail Armor
37:03 Husbandry
37:39 Bodkin Arrow
38:27 Squires
39:09 Plate Mail Armor
39:40 Blast Furnace
38:02 Elite Obuch
Dragon
4:49 Loom
9:27 Feudal Age
15:00 Castle Age
13:22 Double-Bit Axe
16:58 Bow Saw
17:33 Wheelbarrow
18:24 Horse Collar
23:27 Heavy Plow
29:53 Imperial Age
29:04 Scale Barding Armor
29:10 Forging
29:42 Bloodlines
29:33 Husbandry
30:49 Chain Barding Armor
31:04 Iron Casting
30:55 Conscription
30:38 Heavy Camel Rider
33:22 Imperial Camel Rider
34:38 Plate Barding Armor
34:39 Iron Casting
Who am I
10:34 Feudal Age
14:35 Castle Age
12:45 Double-Bit Axe
12:43 Horse Collar
16:16 Wheelbarrow
16:00 Squires
17:02 Loom
25:31 Gold Mining
25:52 Bow Saw
27:00 Hand Cart
28:03 Fletching
30:27 Gold Shaft Mining
33:01 Imperial Age
32:47 Scale Mail Armor
32:57 Forging
32:49 Stone Mining
34:21 Chain Mail Armor
34:41 Iron Casting
36:04 Heavy Plow
36:57 Plate Mail Armor
36:23 Bodkin Arrow
36:54 Conscription
40:55 Stone Shaft Mining
siggi-lok
11:49 Feudal Age
15:24 Castle Age
13:19 Horse Collar
15:47 Double-Bit Axe
15:49 Loom
17:28 Heavy Plow
30:26 Imperial Age
29:13 Wheelbarrow
28:59 Bow Saw
29:20 Stone Mining
29:25 Gold Mining
30:07 Fortified Wall
32:09 Chemistry
34:31 Siege Engineers
35:11 Conscription
36:51 Arquebus
40:46 Elite Organ Gun
Connection lost

Rejoining the realm…

Still unreachable

The connection could not be restored.

Session expired

The server has moved on; the page needs a fresh start.